 Dungeon Crawl Stone Soup version 0.24.0-37-gcf1ca852f1 (webtiles) character file.

Game seed: 7145628579201638857, levelgen mode: deterministic

322 FishyPogo the Insei (level 6, -2/47 HPs)
             Began as a Gnoll Transmuter on Dec 1, 2019.
             Slain by a gnoll (4 damage)
             ... on level 3 of the Dungeon.
             The game lasted 00:13:45 (2548 turns).

FishyPogo the Insei (Gnoll Transmuter)              Turns: 2548, Time: 00:13:47

Health: -2/47      AC:  4    Str: 13    XL:     6   Next: 47%
Magic:  10/14      EV: 15    Int: 15    God:
Gold:   85         SH:  0    Dex: 17    Spells: 9/15 levels left

rFire    . . .     SeeInvis .     - Unarmed
rCold    . . .     Gourm    .   (no shield)
rNeg     . . .     Faith    .   b - +1 robe
rPois    .         Spirit   .   f - +0 helmet
rElec    .         Reflect  .   (no cloak)
rCorr    .         Harm     .   (no gloves)
MR       .....                  (no boots)
Stlth    ++........             (no amulet)
HPRegen  0.15/turn              (no ring)
MPRegen  0.14/turn              (no ring)

@: very slightly contaminated
A: distributed training, fangs 1, strong nose
a: no special abilities


You were on level 3 of the Dungeon.
You were not hungry.

You visited 1 branch of the dungeon, and saw 6 of its levels.
You also visited: Sewer and Ossuary.

You collected 85 gold pieces.

Inventory:

Missiles
 a - 27 arrows
 e - 65 stones (quivered)
 m - 3 poisoned darts
Armour
 b - a +1 robe (worn)
 f - a +0 helmet (worn)
Scrolls
 h - 6 scrolls of remove curse
 j - a scroll of fear
 k - a scroll of magic mapping
 n - a scroll of identify
 r - 2 scrolls of amnesia {unknown}
Potions
 c - 3 potions of curing {unknown}
 g - 3 potions of mutation {unknown}
 i - 2 potions of invisibility {unknown}
 l - a potion of heal wounds {unknown}
 o - 2 potions of magic {unknown}
 p - 2 potions of might {unknown}
 s - a potion of ambrosia {unknown}
 t - 2 potions of haste {unknown}
Comestibles
 d - 3 rations
 q - 4 chunks of flesh


   Skills:
 + Level 3.2 Fighting
 + Level 1.9 Short Blades
 + Level 1.9 Long Blades
 + Level 1.9 Axes
 + Level 1.9 Maces & Flails
 + Level 1.9 Polearms
 + Level 1.9 Staves
 + Level 1.9 Slings
 + Level 1.9 Bows
 + Level 1.9 Crossbows
 + Level 1.9 Throwing
 + Level 1.9 Armour
 + Level 5.0 Dodging
 + Level 1.9 Stealth
 + Level 1.9 Shields
 + Level 6.8 Unarmed Combat
 + Level 5.3 Spellcasting
 + Level 1.5 Conjurations
 + Level 1.5 Hexes
 + Level 1.5 Charms
 + Level 1.5 Summonings
 + Level 1.5 Necromancy
 + Level 1.5 Translocations
 + Level 4.1 Transmutations
 + Level 1.5 Fire Magic
 + Level 1.5 Ice Magic
 + Level 1.5 Air Magic
 + Level 1.5 Earth Magic
 + Level 1.5 Poison Magic
 + Level 2.1 Invocations
 + Level 1.9 Evocations


You had 9 spell levels left.
You knew the following spells:

 Your Spells              Type           Power        Failure   Level  Hunger
s - Sticks to Snakes      Tmut           ###.....     4%          2    #......
u - Spider Form           Tmut/Pois      ##........   16%         3    ###....
y - Beastly Appendage     Tmut           ###...       3%          1    None

Your spell library contained the following spells:

 Spells                   Type           Power        Failure   Level  Hunger
 Ice Form                 Ice/Tmut       ##......     45%         4    ####...
 Blade Hands              Tmut           ###.......   63%         5    ######.


Dungeon Overview and Level Annotations

Branches:
Dungeon (6/15)              Sewer (visited)         Ossuary (visited)
 Temple: D:4-7

Altars:

Annotations:
D:3 1 runed translucent door
D:6 Grinder


Innate Abilities, Weirdness & Mutations

Your experience applies equally to all skills.
You have very sharp teeth.
Your uncanny sense of smell can sniff out nearby items.


Message History

The bat hits you but does no damage. The gnoll barely misses you.
You bite the bat!
You kill the bat!
You hit the gnoll.
The gnoll is poisoned.
The gnoll is moderately wounded.
The gnoll hits you!
* * * LOW HITPOINT WARNING * * *
A hobgoblin comes into view. It is wielding a +0 club.
A goblin comes into view. It is wielding a +0 dagger.
The gnoll looks more healthy.
Your transformation has ended.
Your +0 helmet unmelds from your body.
Your +1 robe unmelds from your body.
Casting: Spider Form (safe; 16% risk of failure)
Confirm with . or Enter, or press ? or * to list all spells.
You miscast Spider Form.
You are very lightly contaminated with residual magic.
You feel sick.
The goblin shouts!
The gnoll hits you.
You die...

#...†.)...... #
#.....†......
#.###............
#..........g.....
#........#......#
#...##>.........+
#.. +...........#
. ###g#...###$#
#@#...## g#
####'#.....
#........###
#...........
#...........
#..............
##.............
#####............#
#................#
∆


You could see a gnoll and a goblin.

Vanquished Creatures
  2 centaur zombies (Ossuary)
  2 human zombies (Ossuary)
  A worker ant (D:2)
  A mummy (Ossuary)
  6 adders
  2 gnolls (D:3)
  2 worms
  2 dart slugs
  2 orcs
  3 ball pythons
  5 giant cockroaches
  10 goblins
  3 hobgoblins
  11 jackals
  9 bats
  4 frilled lizards
  8 kobolds
  4 rats
77 creatures vanquished.

Vanquished Creatures (others)
  A quokka (D:2)
1 creature vanquished.

Grand Total: 78 creatures vanquished

Notes
Turn   | Place    | Note
-------+----------+-------------------------------------------
     0 | D:1      | FishyPogo the Gnoll Transmuter began the quest for the Orb.
     0 | D:1      | Reached XP level 1. HP: 17/17 MP: 6/6
   112 | D:1      | Reached XP level 2. HP: 21/23 MP: 5/7
   157 | D:1      | Learned a level 2 spell: Sticks to Snakes
   430 | D:1      | Reached XP level 3. HP: 28/28 MP: 9/9
   436 | D:1      | Learned a level 3 spell: Spider Form
   460 | D:2      | Reached skill level 5 in Spellcasting
   460 | D:2      | Reached skill level 1 in Invocations
   710 | D:1      | Reached skill level 1 in Short Blades
   710 | D:1      | Reached skill level 1 in Long Blades
   710 | D:1      | Reached skill level 1 in Axes
   710 | D:1      | Reached skill level 1 in Maces & Flails
   710 | D:1      | Reached skill level 1 in Polearms
   710 | D:1      | Reached skill level 1 in Staves
   710 | D:1      | Reached skill level 1 in Slings
   710 | D:1      | Reached skill level 1 in Bows
   710 | D:1      | Reached skill level 1 in Crossbows
   710 | D:1      | Reached skill level 1 in Throwing
   710 | D:1      | Reached skill level 1 in Armour
   710 | D:1      | Reached skill level 1 in Stealth
   710 | D:1      | Reached skill level 1 in Shields
   710 | D:1      | Reached skill level 1 in Evocations
   892 | D:2      | Reached XP level 4. HP: 33/34 MP: 9/11
  1015 | D:3      | Found a runed translucent door.
  1133 | D:3      | Found a glowing drain.
  1152 | Sewer    | Entered a sewer
  1200 | Sewer    | Reached skill level 1 in Conjurations
  1200 | Sewer    | Reached skill level 1 in Hexes
  1200 | Sewer    | Reached skill level 1 in Charms
  1200 | Sewer    | Reached skill level 1 in Summonings
  1200 | Sewer    | Reached skill level 1 in Necromancy
  1200 | Sewer    | Reached skill level 1 in Translocations
  1200 | Sewer    | Reached skill level 1 in Fire Magic
  1200 | Sewer    | Reached skill level 1 in Ice Magic
  1200 | Sewer    | Reached skill level 1 in Air Magic
  1200 | Sewer    | Reached skill level 1 in Earth Magic
  1200 | Sewer    | Reached skill level 1 in Poison Magic
  1307 | Sewer    | Reached XP level 5. HP: 38/40 MP: 8/12
  2027 | D:4      | Noticed an ogre
  2040 | D:4      | You fall into a shaft and drop 2 floors!
  2101 | D:6      | Noticed Grinder
  2184 | D:5      | Entered Level 5 of the Dungeon
  2329 | D:4      | Found a sand-covered staircase.
  2333 | Ossuary  | Entered an ossuary
  2421 | Ossuary  | Reached XP level 6. HP: 30/47 MP: 13/13
  2532 | D:3      | Reached skill level 5 in Dodging
  2539 | D:3      | HP: 1/47 [gnoll (7)]
  2548 | D:3      | Slain by a gnoll

Levels and vault maps discovered:
D:1:      dpeg_arrival_three_same_balls, layout_loops_ring, st_stairs_2
D:2:      layout_loops_ring, gammafunk_temple_overflow_statue, serial_forest,
          infiniplex_forest_clump_diagonal, infiniplex_forest_clump_curved,
          infiniplex_forest_fountain, infiniplex_forest_end_1,
          infiniplex_forest_clump_diagonal, infiniplex_forest_clump_curved,
          infiniplex_forest_lined_1, elyvilon_altar_4
D:3:      layout_basic, grunt_temple_overflow_open, ebering_ghost_sewer_d,
          portal_sewer_entry_d, first_ration, grunt_decor_resistance,
          fedhas_altar_3
D:4:      layout_cave_pools, enter_ossuary_5
D:5:      kennysheep_six_static_rooms, layout_loops_ring
D:6:      layout_rooms, serial_shops, nicolae_shop_behind_doors,
          kennysheep_cluttered_room, uniq_grinder

Skill      XL: |  1  2  3  4  5  6 |
---------------+-------------------+-----
Spellcasting   | 5 |  5.3
Invocations    | 1 2 |  2.1
Short Blades   | 1 |  1.9
Long Blades    | 1 |  1.9
Axes           | 1 |  1.9
Maces & Flails | 1 |  1.9
Polearms       | 1 |  1.9
Staves         | 1 |  1.9
Slings         | 1 |  1.9
Bows           | 1 |  1.9
Crossbows      | 1 |  1.9
Throwing       | 1 |  1.9
Armour         | 1 |  1.9
Stealth        | 1 |  1.9
Shields        | 1 |  1.9
Evocations     | 1 |  1.9
Conjurations   | 1 |  1.5
Hexes          | 1 |  1.5
Charms         | 1 |  1.5
Summonings     | 1 |  1.5
Necromancy     | 1 |  1.5
Translocations | 1 |  1.5
Fire Magic     | 1 |  1.5
Ice Magic      | 1 |  1.5
Air Magic      | 1 |  1.5
Earth Magic    | 1 |  1.5
Poison Magic   | 1 |  1.5
Fighting       | 3 |  3.2
Transmutations | 4 |  4.1
Dodging        | 5 |  5.0
Unarmed Combat | |  6.8

Action                   |  1- 3 |  4- 6 || total
-------------------------+-------+-------++-------
Melee: Unarmed           |    91 |   137 ||   228
       Kick              |    10 |    20 ||    30
       Bite              |    10 |    12 ||    22
       Headbutt          |     1 |       ||     1
       Punch             |     1 |     4 ||     5
Throw: Stone             |       |    20 ||    20
 Cast: Beastly Appendage |    14 |    10 ||    24
       Spider Form       |       |     8 ||     8
  Use: Scroll            |       |     6 ||     6
 Stab: Distracted        |       |     1 ||     1
  Eat: Chunk             |       |     7 ||     7
Armor: Robe              |    22 |    12 ||    34
       Skin              |       |     4 ||     4
Dodge: Dodged            |   101 |   148 ||   249
